 Dungeon Crawl Stone Soup version 0.29.1-2-gbd0b4ee654 (webtiles) character file.

Game seed: 9343260935012001875

94 Avanven the Magician (level 4, 0/32 HPs)
             Began as a Djinni Transmuter on Nov 8, 2022.
             Slain by an orc
             ... wielding a +0 morningstar
              (8 damage)
             ... on level 3 of the Dungeon.
             The game lasted 00:04:11 (3401 turns).

Avanven the Magician (Djinni Transmuter)            Turns: 3401, Time: 00:04:12

Health: 0/32       AC:  2    Str:  9    XL:     4   Next: 94%
Gold:   54         EV: 19    Int: 17    God:
                   SH:  0    Dex: 18

rFire   . . .      SeeInvis .     - Unarmed
rCold   . . .      Faith    .   (shield currently unavailable)
rNeg    . . .      Spirit   .   (body armour currently unavailable)
rPois   ∞          Reflect  .   (helmet currently unavailable)
rElec   .          Harm     .   (cloak currently unavailable)
rCorr   .          Rampage  .   (gloves currently unavailable)
Will    .....                   (boots unavailable)
Stlth   ++........              (no amulet)
HPRegen 0.10/turn               (no ring)
MPRegen 0.00/turn               (no ring)

@: spider-form (expiring), flying
A: venomous fangs, flying, sickness immunity, tiny, (fire resistance 2), (cold
vulnerability 1), float, innate caster, HP casting, extra vitality 1
a: End Transformation


You were on level 3 of the Dungeon.
You were a venomous arachnid creature.
You visited 1 branch of the dungeon, and saw 3 of its levels.

You collected 54 gold pieces.

Inventory:

Armour
 a - a +0 robe (melded)
Wands
 g - a wand of polymorph (9)
Scrolls
 c - a scroll of immolation {unknown}
 e - 2 scrolls of teleportation {unknown}
 f - 3 scrolls of identify {unknown}
 i - a scroll of enchant weapon {unknown}
Potions
 b - a potion of lignification
 d - a potion of curing {unknown}
 h - a potion of mutation {unknown}


   Skills:
 - Level 1.0 Fighting
 - Level 2.1 Dodging
 + Level 3.0 Unarmed Combat
 + Level 3.5 Spellcasting


You couldn't memorise any spells.
You knew the following spells:

 Your Spells              Type           Power      Damage    Failure   Level
a - Beastly Appendage     Tmut           30%        N/A       12%         1
b - Wereblood             Tmut           15%        N/A       17%         2
c - Spider Form           Tmut/Pois      15%        N/A       28%         3
d - Ice Form              Ice/Tmut       15%        N/A       58%         4
e - Sting                 Tmut/Pois      60%        1d6       12%         1
Your spell library was empty.

Dungeon Overview and Level Annotations

Branches:
Dungeon (3/15)

Altars:


Innate Abilities, Weirdness & Mutations

You are a venomous arachnid creature.
You have poisonous fangs.
You are tiny and dextrous.
You are flying.
Your spellcasting is less reliable in this form.
Your armour is entirely melded.
You are incapable of wielding weapons or throwing items.
You are immune to sickness and miasma.
You are immune to poison.
((Your flesh is very heat resistant. (rF++)))
((You are vulnerable to cold. (rC-)))
You float through the air rather than walking.
You learn spells naturally, not from books.
Your magical power is your life essence.
You have superior vitality. (+4 MHP)


Message History

An orc comes into view. It is wielding a +0 short sword.
Casting: Spider Form (quite dangerous; 12% risk of failure)
Confirm with . or Enter, or press ? or * to list all spells.
The spell is quite dangerous to miscast (12% risk of failure)!
Continue anyway?
You miscast Spider Form.
You are very lightly contaminated with residual magic.
Nothing appears to happen.
Casting: Spider Form (quite dangerous; 12% risk of failure)
Confirm with . or Enter, or press ? or * to list all spells.
The spell is quite dangerous to miscast (12% risk of failure)!
Continue anyway?
You turn into a venomous arachnid creature.
Your +0 robe melds into your body.
The orc hits you with a +0 short sword.
You barely miss the orc. The orc hits you with a +0 short sword.
The orc wizard casts a spell.
The orc wizard flickers and vanishes!
Deactivating autopickup; reactivate with Ctrl-A.
You hit the orc.
The orc is poisoned.
The orc is heavily wounded.
You barely miss the orc.
The orc is heavily wounded.
The orc closely misses you. The orc misses you.
You hit the orc.
You kill the orc!
Your transformation is almost over.
You hit the orc but do no damage. The orc closely misses you.
Your magical contamination has completely faded away.
You barely miss the orc. The orc misses you. x2
You hit the orc.
The orc is poisoned.
The orc is heavily wounded.
Something hits you. The orc hits you with a +0 morningstar!
The orc closely misses you.
You are too injured to fight recklessly!
The orc attacks as you move away! The orc misses you.
The orc barely misses you.
There is a stone staircase leading up here.
Something hits you.
* * * LOW HITPOINT WARNING * * *
The orc hits you with a +0 morningstar!
You die...

####### ....(..
....... .......
....... .......
#####..$....
#s.oo.......
#......oo........
...#.#####.#######
# #+#


You could see 4 orcs.

Vanquished Creatures
  Robin (D:2)
  3 adders (D:2)
  A worm (D:2)
  2 dart slugs
  An orc (D:3)
  2 endoplasms
  5 giant cockroaches
  13 goblins
  7 hobgoblins
  A quokka (D:1)
  2 ball pythons
  3 bats
  A frilled lizard (D:2)
  2 kobolds (D:2)
  3 rats
47 creatures vanquished.

Notes
Turn   | Place    | Note
-------+----------+-------------------------------------------
     0 | D:1      | Avanven the Djinni Transmuter began the quest for the Orb.
     0 | D:1      | Avanven set off with the following spells memorised:
                  | Beastly Appendage, Wereblood, Spider Form, Ice Form.
     0 | D:1      | Reached XP level 1. HP: 17/17 MP: 0/0
   402 | D:1      | Reached XP level 2. HP: 22/22 MP: 0/0
  1495 | D:1      | Reached XP level 3. HP: 26/27 MP: 0/0
  1495 | D:1      | Learned a level 1 spell: Sting
  1758 | D:2      | Noticed Robin
  2288 | D:2      | Killed Robin
  2289 | D:2      | Reached XP level 4. HP: 19/32 MP: 0/0
  2509 | D:2      | Identified the +0 leather armour of Reynaezach {Contam
                  | rPois Int+4}
  2707 | D:2      | Found a faded altar of an unknown god.
  3401 | D:3      | Slain by an orc

Illustrated notes

Levels and vault maps discovered:
D:1:      dpeg_arrival_rooms_c, layout_basic
D:2:      layout_basic, hellmonk_ecumenical_altar_zigzags, st_stairs_7,
          uniq_robin
D:3:      layout_basic, chequers_temple_overflow_statue_of_worship,
          serial_shops, shop, minmay_goblin_kobold_house

Skill      XL: |  1  2  3 |
---------------+----------+-----
Spellcasting   | 2 3 |  3.5
Fighting       | |  1.0
Dodging        | |  2.1
Unarmed Combat | |  3.0

Action                   |  1- 3 |  4- 6 || total
-------------------------+-------+-------++-------
Melee: Unarmed           |    94 |    47 ||   141
       Headbutt          |    20 |       ||    20
       Punch             |     2 |       ||     2
 Cast: Beastly Appendage |    21 |     1 ||    22
       Spider Form       |     1 |     8 ||     9
       Wereblood         |     1 |       ||     1
 Stab: Sleeping          |     1 |       ||     1
Armor: Robe              |    10 |       ||    10
       Skin              |       |     5 ||     5
Dodge: Dodged            |    52 |    38 ||    90
